 Dungeon Crawl Stone Soup version 0.31-a0-187-gba352fbbf7 (webtiles) character file.

Game seed: 1287007459471544806

49 qw the Shooter (level 3, 0/20 HPs)
             Began as a Deep Elf Hunter on June 22, 2023.
             Slain by a goblin
             ... wielding a +0 club
             ... led by Robin
              (5 damage)
             ... on level 2 of the Dungeon.
             The game lasted 00:00:23 (660 turns).

qw the Shooter (Deep Elf Hunter)                     Turns: 660, Time: 00:00:23

Health: 0/20       AC:  3    Str: 10    XL:     3   Next: 53%
Magic:  5/5        EV: 12    Int: 13    God:
Gold:   119        SH:  0    Dex: 18    Spells: 2/2 levels left

rFire   . . .        Y - +1 shortbow
rCold   . . .        (shield currently unavailable)
rNeg    . . .        c - +0 leather armour
rPois   .            (no helmet)
rElec   .            (no cloak)
rCorr   .            (no gloves)
SInv    .            (no boots)
Will    .....        (no amulet)
Stlth   ++           (no ring)
HPRegen 0.23/turn    (no ring)
MPRegen 0.09/turn

%: no passive effects
@: no status effects
A: no striking features
a: no special abilities


You were on level 2 of the Dungeon.
You visited 1 branch of the dungeon, and saw 2 of its levels.

You collected 119 gold pieces.


   Skills:
 - Level 1.5 Fighting
 + Level 7.1 Ranged Weapons
 - Level 2.4 Dodging
 - Level 1.2 Stealth


You had 2 spell levels left.
You didn't know any spells.
Your spell library was empty.

Inventory:

Hand Weapons
 Y - a +1 shortbow (weapon)
Armour
 c - a +0 leather armour (worn)
Scrolls
 a - a scroll of identify
Potions
 f - 2 potions of might
 g - a potion of curing

Dungeon Overview and Level Annotations

Branches:
Dungeon (2/15)

Altars:

Annotations:
D:2 Robin


Message History

649 ||| DRINKING potion of heal wounds.
You feel much better. The goblin barely misses you.
The goblin hits you with a +0 club.
You shoot an arrow. The arrow hits the goblin!
You kill the goblin!
The goblin hits you with a +0 club.
You shoot an arrow. The arrow closely misses the goblin.
The goblin closely misses you. The goblin misses you.
You shoot an arrow.
The arrow hits the goblin but does no damage.
The goblin no longer looks unusually strong.
The goblin barely misses you. x2
653 ||| Stepping ~*~*~tactically~*~*~ (outnumbered).
You shoot an arrow. The arrow hits the goblin.
You kill the goblin!
You shoot an arrow. The arrow completely misses the goblin.
The arrow hits the goblin.
The goblin is heavily wounded.
The goblin hits you but does no damage.
You shoot an arrow. The arrow barely misses the goblin.
The arrow hits the goblin!
You kill the goblin!
You shoot an arrow. The arrow hits Robin.
Robin is moderately wounded.
The goblin hits you with a +0 club. Robin closely misses you.
You shoot an arrow. The arrow barely misses Robin.
The arrow closely misses the goblin.
The arrow barely misses the hobgoblin.
The goblin hits you with a +0 club. Robin hits you but does no damage.
Robin roars a battlecry!
The goblins go into a battle-frenzy!
The goblin closely misses you.
You shoot an arrow. The arrow hits Robin.
Robin is moderately wounded.
The goblin no longer looks unusually strong.
The goblin completely misses you.
Robin points. "Kill!"
Robin hits you with a +0 dagger.
You shoot an arrow. The arrow barely misses Robin.
The arrow hits the goblin.
The goblin is heavily wounded.
The goblin hits you with a +0 club.
You die...

..## #.. ..# ###.#
#.###.... #
#####.#.....# #.
######.)......%###
#.. #
#......#####.....#
#..#. #.######
#.###.# #...###g#
...# .. #...ggg@#
#.### >
....##.g### #. # #
##..g# . .g.g...
.. ##.....##
###.#g#


gg.gg gg..## .#... You could see Robin, a hobgoblin and 3 goblins.

Vanquished Creatures
  An adder (D:2)
  3 endoplasms (D:1)
  4 giant cockroaches (D:1)
  8 goblins
  5 hobgoblins
  2 jackals (D:1)
  A quokka (D:2)
  2 ball pythons
  3 bats (D:1)
  A frilled lizard (D:1)
  2 kobolds (D:1)
  3 rats
35 creatures vanquished.

Notes
Turn   | Place    | Note
-------+----------+-------------------------------------------
     0 | D:1      | qw the Deep Elf Hunter began the quest for the Orb.
     0 | D:1      | Reached XP level 1. HP: 12/12 MP: 3/3
     0 | D:1      | 0 ||| qw: Version: 0.3-a-9-g12657ce
     0 | D:1      | 0 ||| qw: Game counter: 2627
     0 | D:1      | 0 ||| qw: Always use a shield: true
     0 | D:1      | 0 ||| qw: God list: Okawaru
     0 | D:1      | 0 ||| qw: Allow faded altars: false
     0 | D:1      | 0 ||| qw: Do Orc after D:15 true
     0 | D:1      | 0 ||| qw: Do second Lair branch before Depths: true
     0 | D:1      | 0 ||| qw: Lair rune preference: random
     0 | D:1      | 0 ||| qw: Plans: Normal
     0 | D:1      | 0 ||| PLANNING D:1-11
    47 | D:1      | Reached XP level 2. HP: 16/16 MP: 4/4
    52 | D:1      | Reached skill level 6 in Ranged Weapons
   511 | D:1      | 511 ||| READING 3 scrolls labelled OCUECE NASH.
   512 | D:1      | 512 ||| READING scroll labelled RAFUYR JISITA.
   513 | D:1      | 513 ||| READING scroll labelled VASKUA CEKOH.
   517 | D:1      | 517 ||| READING scroll labelled FICUWKILASHRI.
   518 | D:1      | 518 ||| READING scroll labelled ULIKOK YKEEDD.
   519 | D:1      | 519 ||| DRINKING 3 smoky clear potions.
   520 | D:1      | 520 ||| DRINKING 2 golden potions.
   521 | D:1      | 521 ||| READING 2 scrolls of identify.
   521 | D:1      | 521 ||| IDENTIFYING puce potion
   522 | D:1      | 522 ||| DROPPING scroll of butterflies.
   543 | D:2      | Reached XP level 3. HP: 20/20 MP: 5/5
   619 | D:2      | Identified the +1 flail "Urorcheda" {flame, +Blink Str-4
                  | Int+4 Stlth+}
   631 | D:2      | Noticed Robin
   632 | D:2      | 632 ||| Stepping ~*~*~tactically~*~*~ (outnumbered).
   636 | D:2      | 636 ||| Stepping ~*~*~tactically~*~*~ (outnumbered).
   646 | D:2      | Reached skill level 7 in Ranged Weapons
   648 | D:2      | HP: 4/20 [goblin/+0 club[Robin] (2)]
   648 | D:2      | HP: 1/20 [goblin/+0 club[Robin] (3)]
   649 | D:2      | 649 ||| DRINKING potion of heal wounds.
   653 | D:2      | 653 ||| Stepping ~*~*~tactically~*~*~ (outnumbered).
   659 | D:2      | HP: 5/20 [Robin/+0 dagger (3)]
   660 | D:2      | Slain by a goblin

Levels and vault maps discovered:
D:1:      dpeg_arrival_rooms_with_view, layout_rooms, lemuel_flame_loot_1
D:2:      layout_rooms, ebering_ecumenical_altar_abandoned, basic_altar,
          uniq_jessica, uniq_robin, uniq_crazy_yiuf_cottage

Skill      XL: |  1  2  3 |
---------------+----------+-----
Ranged Weapons | 6 7 |  7.1
Fighting       | |  1.5
Dodging        | |  2.4
Stealth        | |  1.2

Action                     || total
---------------------------++-------
   Fire: Shortbow          ||    91
    Use: Scroll            ||     6
         Potion            ||     3
 Armour: Leather armour    ||     9
  Dodge: Dodged            ||    30

Table legend:
 A = Non-vault XP
 B = Vault XP
 C = Vault XP percentage of total XP
 D = Non-vault monster count
 E = Vault monster count
 F = Vault count percentage of total count
                 A         B        C        D         E       F
            +---------+---------+-------+---------+---------+-------
      Total |      54 |      17 |  23.9 |      26 |       9 |  25.7
            +---------+---------+-------+---------+---------+-------
        D:1 |      36 |       4 |  10.0 |      22 |       2 |   8.3
        D:2 |      18 |      13 |  41.9 |       4 |       7 |  63.6
            +---------+---------+-------+---------+---------+-------
